 Dungeon Crawl Stone Soup version 0.30-a0-1094-g860fb061e7 (webtiles) character file.

Game seed: 6599179631804346498

71757 Farfigtubin the Severer (level 15, -6/144 HPs)
             Began as a Hill Orc Fighter on Apr 18, 2023.
             Was a Priest of Beogh.
             Killed from afar by a fire dragon (48 damage)
             ... with a blast of flame
             ... on level 5 of the Lair of Beasts.
             The game lasted 01:42:48 (19698 turns).

Farfigtubin the Severer (Hill Orc Fighter)         Turns: 19698, Time: 01:42:48

Health: -6/144     AC: 20    Str: 31    XL:     15   Next: 37%
Magic:  22/22      EV:  7    Int: 11    God:    Beogh [***...]
Gold:   1520       SH: 15    Dex: 15    Spells: 14/14 levels left

rFire   . . .      SeeInvis .    Q - +4 war axe (elec)
rCold   . . .      Faith    .    V - +2 kite shield
rNeg    . . .      Spirit   .    T - +0 plate armour
rPois   +          Reflect  .    R - +0 helmet {Int+3}
rElec   +          Rampage  .    L - scarf {+Inv}
rCorr   +                        (no gloves)
Will    +....                    P - +2 pair of boots "Duoc" {Dex+3} Stlth
                                 r - amulet of the acrobat
HPRegen 0.44/turn                x - ring of poison resistance
MPRegen 0.18/turn                e - ring "Vopum" {rElec rCorr Str+6}

@: mighty, hasted, very quick
A: no striking features
a: Renounce Religion, Evoke Invisibility, Smiting


You were on level 5 of the Lair of Beasts.
You worshipped Beogh.
Beogh was most pleased with you.
You visited 3 branches of the dungeon, and saw 18 of its levels.
You also visited: Trove, Bailey and Ice Cave.

You collected 1576 gold pieces.
You spent 56 gold pieces at shops.

Inventory:

Hand Weapons
 y - a +5 antimagic spear
 O - a +4 heavy broad axe
 Q - a +4 war axe of electrocution (weapon)
Missiles
 b - 31 poisoned darts
 o - 6 boomerangs (quivered)
 z - a throwing net
 U - 9 atropa-tipped darts
 Y - 4 javelins
Armour
 n - a +4 scale mail of poison resistance
 L - a scarf of invisibility (worn)
 P - the +2 pair of boots "Duoc" (worn) {Dex+3}
   (You acquired it in a bailey)

   Dex:       It affects your dexterity (+3).
 R - a +0 helmet of intelligence (worn)
 T - a +0 plate armour (worn)
 V - a +2 kite shield (worn)
Jewellery
 e - the ring "Vopum" (right hand) {rElec rCorr Str+6}
   (You found it in an ice cave)

   [ring of strength]

   Str:       It affects your strength (+6).
   rElec:     It insulates you from electricity.
   rCorr:     It protects you from acid and corrosion.
 j - a ring of willpower
 p - a +6 ring of strength
 r - an amulet of the acrobat (around neck)
 x - a ring of poison resistance (left hand)
 A - the amulet of Geemips {Reflect rC- rN++ Regen+ SH+5 Stlth+}
   (You found it on level 9 of the Dungeon)

   [amulet of reflection]

   It reflects blocked missile attacks.
   rC:        It makes you vulnerable to cold.
   rN:        It greatly protects you from negative energy.
   Regen:     It increases your rate of health regeneration.
   SH:        It affects your SH (+5).
   Stlth:     It makes you more stealthy.
 F - the ring "Qeos" {+Blink rC- Will+ rCorr Str+6}
   (You found it in a treasure trove)

   [ring of strength]

   Str:       It affects your strength (+6).
   rC:        It makes you vulnerable to cold.
   +Blink:    It lets you blink.
   rCorr:     It protects you from acid and corrosion.
   Will:      It increases your willpower.
 G - a ring of protection from cold
 I - a ring of flight
 N - a ring of fire
Wands
 a - a wand of iceblast (12)
 W - a wand of flame (5)
 X - a wand of charming (15)
Scrolls
 c - 2 scrolls of torment
 f - a scroll of fear
 g - 3 scrolls of enchant armour
 l - 6 scrolls of blinking
 q - 10 scrolls of teleportation
 s - a scroll of noise
 B - 7 scrolls of immolation
 C - 3 scrolls of fog
 D - 4 scrolls of poison
 H - 3 scrolls of silence
 S - 4 scrolls of magic mapping
Potions
 d - 4 potions of might
 h - 4 potions of mutation
 i - 2 potions of attraction
 k - 8 potions of curing
 m - 5 potions of berserk rage
 t - 2 potions of heal wounds
 u - 8 potions of haste
 v - a potion of invisibility {unknown}
 w - a potion of lignification {unknown}
 E - 2 potions of ambrosia {unknown}
 J - 2 potions of cancellation {unknown}
 K - a potion of flight {unknown}
Miscellaneous
 M - a phantom mirror
 Z - a phial of floods


   Skills:
 + Level 16.3 Fighting
 - Level 18.0 Axes
 + Level 12.6 Armour
 * Level 14.0 Shields
 - Level 10.0 Invocations


You had 14 spell levels left.
You didn't know any spells.
Your spell library contained the following spells:

 Spells                   Type           Power      Damage    Failure   Level
 Freeze                   Ice            0%         1d3       98%         1
 Blink                    Tloc           0%         N/A       99%         2
 Cigotuvi's Dreadful Rot  Necr/Pois/Air  0%         N/A       99%         2
 Lesser Beckoning         Tloc           0%         N/A       99%         2
 Momentum Strike          Conj/Tloc      0%         3d8       99%         2
 Dazzling Flash           Conj/Hex       0%         N/A       100%        3
 Frozen Ramparts          Ice            0%         1d1       100%        3
 Hailstorm                Conj/Ice       0%         3d3       100%        3
 Mephitic Cloud           Conj/Pois/Air  0%         N/A       100%        3
 Ozocubu's Armour         Ice            0%         N/A       100%        3
 Stone Arrow              Conj/Erth      0%         3d7       100%        3
 Volatile Blastmotes      Fire/Tloc      0%         2d10      100%        3
 Animate Armour           Summ/Erth      0%         N/A       100%        4
 Dispel Undead            Necr           0%         3d6       100%        4
 Flame Wave               Conj/Fire      0%         2d4       100%        4
 Ice Form                 Ice/Tmut       0%         N/A       100%        4
 Iskenderun's Mystic Bla  Conj/Tloc      0%         2d3       100%        4
 Summon Ice Beast         Ice/Summ       0%         N/A       100%        4
 Blade Hands              Tmut           0%         N/A       100%        5
 Fireball                 Conj/Fire      0%         3d3       100%        5
 Death Channel            Necr           0%         N/A       100%        6
 Eringya's Noxious Bog    Tmut/Pois      0%         N/A       100%        6
 Iron Shot                Conj/Erth      0%         9d1       100%        6
 Simulacrum               Ice/Necr       0%         N/A       100%        6
 Starburst                Conj/Fire      0%         6d3       100%        6
 Ozocubu's Refrigeration  Ice            0%         4d7       100%        7
 Chain Lightning          Conj/Air       0%         N/A       100%        9
 Polar Vortex             Ice            0%         N/A       100%        9


Dungeon Overview and Level Annotations

Branches:
Dungeon (12/15)            Temple (1/1) D:4            Lair (5/5) D:9
  Swamp (0/4) Lair:3       Spider (0/4) Lair:2        Slime (0/5) Lair:5
    Orc (0/2) D:12         Bailey (visited)           IceCv (visited)

Altars:
Ashenzari
Cheibriados
Dithmenos
Elyvilon
Fedhas
Gozag
Hepliaklqana
Kikubaaqudgha
Makhleb
Nemelex Xobeh
Okawaru
Qazlal
Ru
Sif Muna
Trog
Uskayaw
Vehumet
Wu Jian
Xom
Yredelemnul
Zin
The Shining One
Beogh
Jiyva

Shops:
D:2 (   D:3 !   D:9 (

Annotations:
D:10 3 runed translucent doors, mandoloar's ghost, journeyman OpTm
Lair:2 2 transporters, SpyderV's ghost, journeyman HOFi


Message History

The fire dragon breathes flames at you. The blast of flame hits you!!
An iguana comes into view.
The swamp dragon barely misses you. The swamp dragon claws you.
* * * LOW HITPOINT WARNING * * *
You block the swamp dragon's attack.
You feel very mighty all of a sudden.
You slice the swamp dragon!!
Lightning courses through the swamp dragon!!
You kill the swamp dragon!
Beogh accepts your kill.
The swamp dragon scales are intact enough to wear.
You slash the fire dragon! The fire dragon bites you.
* * * LOW HITPOINT WARNING * * *
The fire dragon claws you but does no damage.
You block the fire dragon's attack.
Your Shields skill increases to level 14!
Press: ? - help, v - describe, . - travel
Here: a fire dragon (poison gas, lightly wounded)
The floor, spattered with blood.
You slash the fire dragon!
The fire dragon is moderately wounded.
The fire dragon bites you!
* * * LOW HITPOINT WARNING * * *
The fire dragon barely misses you. You block the fire dragon's attack.
Unknown command.
You feel much better.
You barely miss the fire dragon.
The fire dragon is moderately wounded.
The fire dragon bites you but does no damage.
You block the fire dragon's attack. The fire dragon tramples you.
* * * LOW HITPOINT WARNING * * *
You stumble backwards!
You slice the fire dragon!!
The fire dragon is heavily wounded.
You barely miss the fire dragon.
The fire dragon is heavily wounded.
The fire dragon breathes flames at you. The blast of flame hits you!!!
You die...

♣♣♣ .♣ ♣..
~..♣~.♣♣♣
≈~~.~~..♣♣
≈≈≈l≈≈~○°♣♣
≈≈~~.≈°D°♣♣
.~~..~.°°@.♣
$...$.~♣≈~.♣
!$$")♣♣♣≈≈~♣ ~♣♣
$(.?(♣♣.≈~~♣
≈~.♣♣♣.♣♣♣~~..♣♣
$≈~.♣♣♣♣♣.....♣
♣ .≈..♣♣♣....♣♣♣
.♣♣ ♣≈.~.≈~♣.♣♣
... ♣♣≈~~.~♣..♣


You could see a fire dragon (catching breath) and an iguana.

Vanquished Creatures
  Rupert (Lair:5)
  Gastronok (D:9)
  Erolcha (D:9)
  4 hydras
  A boulder beetle (D:9)
  2 ironbound frosthearts (IceCv)
  2 two-headed ogres (D:9)
  4 death yaks (IceCv)
  A skyshark (Lair:5)
  A swamp dragon (Lair:5)
  Pikel (D:6)
  An orange crystal statue (Lair:3)
  A bog body (Lair:3)
  A wolf spider (Lair:5)
  A manticore (D:9)
  2 orc sorcerers (Bailey)
  An ugly thing (IceCv)
  A cyclops (D:12)
  An ice statue (IceCv)
  12 elephants
  9 black mambas
  A demonic crawler (Lair:2)
  A gargoyle (D:11)
  13 cane toads
  A torpor snail (Lair:2)
  6 komodo dragons
  4 rime drakes
  An efreet (D:11)
  5 trolls
  12 polar bears
  8 blink frogs
  3 hornets (Lair:5)
  7 dream sheep (Lair:5)
  Sigmund (D:3)
  12 slime creatures (D:12)
  A shadow (D:11)
  13 wyverns
  40 yaks
  2 basilisks
  2 steam dragons
  A redback (Lair:5)
  A vampire mosquito (D:9)
  Grum (Lair:1)
  2 acid dragons (Lair:5)
  12 water moccasins
  13 orc warriors
  3 sky beasts
  A swamp drake (Lair:5)
  3 black bears
  36 wolves
  5 centaurs
  A lemure (D:6)
  2 phantoms (D:5)
  2 kobold brigands
  10 bullfrogs
  2 gnoll sergeants (D:10)
  6 scorpions
  8 wights
  7 electric eels
  6 howler monkeys
  9 jellies
  9 hounds
  6 orc priests
  6 iguanas
  8 orc wizards
  14 gnolls
  4 adders
  A white imp (D:6)
  8 worms
  3 dart slugs
  30 orcs
  20 endoplasms
  6 giant cockroaches
  8 goblins
  11 hobgoblins
  16 kobolds
  5 quokkas
  3 ball pythons
  9 bats
  2 frilled lizards
  4 rats
486 creatures vanquished.

Vanquished Creatures (collateral kills)
  A two-headed ogre (D:10)
  An ugly thing (D:12)
  2 trolls
  6 slime creatures
  A yak (D:10)
  An electric eel (D:9)
  3 gnolls
15 creatures vanquished.

Vanquished Creatures (others)
  An orc warrior (D:10)
  An orc knight (D:11)
  An orc wizard (D:9)
  A white imp (D:6)
  2 orcs
  20 fungi
  56 plants
82 creatures vanquished.

Grand Total: 583 creatures vanquished

Notes
Turn   | Place    | Note
-------+----------+-------------------------------------------
     0 | D:1      | Farfigtubin the Hill Orc Fighter began the quest for the
                  | Orb.
     0 | D:1      | Reached XP level 1. HP: 19/19 MP: 1/1
    54 | D:1      | Reached skill level 3 in Axes
    79 | D:1      | Reached XP level 2. HP: 22/27 MP: 2/2
   200 | D:1      | Reached XP level 3. HP: 32/33 MP: 3/3
   269 | D:2      | Found Epnakkon's Antique Weapon Emporium.
   282 | D:2      | Got the Reference Book on Radiant Corruption
   330 | D:2      | Reached skill level 4 in Axes
   438 | D:1      | Reached XP level 4. HP: 30/40 MP: 4/4
   931 | D:2      | Reached skill level 5 in Axes
   931 | D:2      | Reached XP level 5. HP: 47/47 MP: 5/5
  1275 | D:3      | Noticed Sigmund
  1295 | D:3      | Killed Sigmund
  1296 | D:3      | Reached skill level 5 in Fighting
  1296 | D:3      | Reached skill level 6 in Axes
  1296 | D:3      | Reached XP level 6. HP: 23/56 MP: 6/6
  1428 | D:3      | Found Haxoetz's Distillery.
  1433 | D:3      | Bought a potion of curing for 42 gold pieces
  1433 | D:3      | Bought a potion of degeneration for 14 gold pieces
  1618 | D:3      | Identified the +5 dagger of Ghostly Valiance {heavy, Int+2}
  1941 | D:4      | Found a staircase to the Ecumenical Temple.
  1992 | D:4      | Reached skill level 7 in Axes
  1992 | D:4      | Reached skill level 5 in Shields
  1992 | D:4      | Reached XP level 7. HP: 61/61 MP: 7/7
  2076 | D:4      | Became a worshipper of Beogh the Brigand
  2582 | Temple   | Entered the Ecumenical Temple
  2786 | D:5      | Entered Level 5 of the Dungeon
  2924 | D:5      | Found a blossoming altar of Fedhas.
  2930 | D:5      | Found a bloodstained altar of Trog.
  2933 | D:5      | Found a sacrificial altar of Ru.
  2933 | D:5      | Found a stormy altar of Qazlal.
  2940 | D:5      | Found an opulent altar of Gozag.
  3641 | D:6      | Reached skill level 8 in Axes
  3696 | D:6      | Noticed Pikel
  3732 | D:6      | Killed Pikel
  3733 | D:6      | Reached skill level 9 in Axes
  3733 | D:6      | Reached skill level 5 in Armour
  3733 | D:6      | Reached XP level 8. HP: 16/73 MP: 8/8
  4150 | D:6      | Reached skill level 10 in Axes
  4257 | D:6      | Reached XP level 9. HP: 78/79 MP: 9/9
  4760 | D:7      | Reached skill level 11 in Axes
  5500 | D:8      | Reached * piety under Beogh
  5548 | D:8      | Reached skill level 12 in Axes
  5908 | D:8      | Found a flagged portal.
  5914 | D:8      | Reached ** piety under Beogh
  5931 | Bailey   | Entered a bailey
  6074 | Bailey   | Reached XP level 10. HP: 73/91 MP: 10/10
  6138 | Bailey   | Reached skill level 13 in Axes
  6536 | Bailey   | Noticed an orc sorcerer
  6542 | Bailey   | Killed an orc sorcerer
  6833 | Bailey   | Noticed an orc sorcerer
  6844 | Bailey   | Killed an orc sorcerer
  6845 | Bailey   | Reached skill level 14 in Axes
  6980 | Bailey   | Acquired the +2 pair of boots "Duoc" {Dex+3}
  7005 | Bailey   | Found an iron altar of Okawaru.
  7190 | D:8      | Reached skill level 10 in Fighting
  7510 | D:9      | Noticed a six-headed hydra
  7538 | D:9      | Noticed a boulder beetle
  7598 | D:9      | Noticed Erolcha
  7612 | D:9      | Killed Erolcha
  7629 | D:9      | Reached skill level 15 in Axes
  7643 | D:9      | HP: 4/94 [poisoned by a kobold brigand]
  7923 | D:9      | Noticed a two-headed ogre
  7934 | D:9      | Killed a two-headed ogre
  7935 | D:9      | Reached skill level 1 in Invocations
  7935 | D:9      | Reached XP level 11. HP: 44/101 MP: 10/12
  7942 | D:9      | Found Xylaboel's Weapon Emporium.
  8086 | D:9      | Noticed a manticore
  8096 | D:9      | Noticed a two-headed ogre
  8107 | D:9      | Killed a two-headed ogre
  8111 | D:9      | Noticed Gastronok
  8558 | D:9      | Found a staircase to the Lair.
  8612 | D:9      | Reached *** piety under Beogh
  8847 | D:9      | Killed a boulder beetle
  8867 | D:9      | HP: 3/101 [Gastronok/the air (27)]
  8869 | D:9      | Killed Gastronok
  9182 | D:9      | Identified the amulet of Geemips {Reflect rC- rN++ Regen+
                  | SH+5 Stlth+}
  9217 | D:9      | Killed a manticore
  9218 | D:9      | Reached skill level 16 in Axes
  9356 | D:9      | Got the Teachings on Frost
  9613 | Lair:1   | Entered Level 1 of the Lair of Beasts
  9776 | D:10     | Entered Level 10 of the Dungeon
  9786 | D:10     | Found a viscous altar of Jiyva.
  9937 | D:10     | Found a runed translucent gate.
  9937 | D:10     | Found a runed translucent gate.
  9937 | D:10     | Found a runed translucent gate.
  9940 | D:10     | Noticed mandoloar's ghost (journeyman OpTm)
 10086 | D:10     | Noticed a two-headed ogre
 10090 | D:10     | Killed a two-headed ogre
 10552 | D:11     | Reached skill level 5 in Invocations
 11008 | D:11     | Reached XP level 12. HP: 52/111 MP: 14/16
 11492 | D:12     | Found a staircase to the Orcish Mines.
 11533 | D:12     | Reached skill level 17 in Axes
 11606 | D:12     | Found a roughly hewn altar of Beogh.
 11798 | D:12     | Reached **** piety under Beogh
 12153 | D:12     | Found a portal to a secret trove of treasure.
 12627 | Trove    | Entered a treasure trove
 12673 | Trove    | Identified the ring "Qeos" {+Blink rC- Will+ rCorr Str+6}
 12695 | Trove    | Reached XP level 13. HP: 122/122 MP: 17/20
 13189 | Lair:1   | Noticed Grum
 13205 | Lair:1   | Reached skill level 18 in Axes
 13207 | Lair:1   | Killed Grum
 13675 | Lair:2   | Reached skill level 10 in Invocations
 13835 | Lair:2   | Found the amulet of Elemental Vulnerability {rPois rF--
                  | rC-- AC+8}
 14002 | Lair:2   | Found a transporter.
 14014 | Lair:2   | Noticed SpyderV's ghost (journeyman HOFi)
 14028 | Lair:2   | Found a hole to the Spider Nest.
 14028 | Lair:2   | Found a transporter.
 14377 | Lair:2   | Reached skill level 10 in Armour
 14426 | Lair:2   | Reached XP level 14. HP: 99/132 MP: 21/21
 15067 | Lair:3   | Found a staircase to the Swamp.
 15362 | Lair:3   | Reached skill level 10 in Shields
 15981 | Lair:3   | Got the Notes on Oxidation and Confrontation
 15983 | Lair:3   | Identified the staff of earth "Qewolafe" {rC- Str+8}
 16871 | Lair:5   | Entered Level 5 of the Lair of Beasts
 16927 | Lair:5   | Reached skill level 15 in Fighting
 17143 | Lair:5   | Found a frozen archway.
 17181 | IceCv    | Entered an ice cave
 17586 | IceCv    | Identified the ring "Vopum" {rElec rCorr Str+6}
 17996 | IceCv    | Reached XP level 15. HP: 40/143 MP: 22/22
 18581 | Lair:5   | Noticed Rupert
 18598 | Lair:5   | Killed Rupert
 18649 | Lair:5   | Found a staircase to the Slime Pits.
 18650 | Lair:5   | Found a viscous altar of Jiyva.
 19544 | Lair:5   | Identified the +1 ring mail of the Baking Gods {Str+5
                  | Int+6}
 19698 | Lair:5   | Killed from afar by a fire dragon

Illustrated notes

Levels and vault maps discovered:
D:1:      dpeg_arrival_solitude, layout_basic
D:2:      layout_basic, serial_shops, shop, chequers_hall_statues_corner_a
D:3:      layout_loops_ring, serial_shops, nicolae_shop_hallway_plus,
          kennysheep_doodads, uniq_sigmund
D:4:      layout_cave_pods, minmay_temple_entry_mini_moons
D:5:      layout_gridville, nicolae_overflow_hallway_of_the_gods
D:6:      layout_basic, serial_curves, eino_curves_04, eino_curves_01,
          uniq_pikel
D:7:      layout_basic
D:8:      layout_basic, enter_bailey_2
D:9:      layout_loops_ring, erik_lair_island, serial_shops, shop,
          minmay_diamond_spiral, uniq_erolcha, uniq_gastronok
D:10:     layout_basic, gammafunk_ghost_nasty_kobolds, jiyva_altar_1
D:11:     layout_long_grid
D:12:     layout_cave_pods, minmay_orc_entry_temple_small, enter_trove_2
Temple:   bh_familiar_temple
Lair:1:   layout_long_grid, lemuel_fruit_fields, uniq_grum
Lair:2:   layout_cave_pods, nicolae_spider_entry_non_spiders, nzn_ghost_randoct
Lair:3:   statuecave_lemuel, layout_regular_city, skrybe_swamp_entry_bodies
Lair:4:   layout_regular_city, nicolae_quartered_pool_impasse,
          infiniplex_staircase_pool_2, serial_bayou_shore_b, grunt_megastairs_2
Lair:5:   guppyfry_lair_end_dragon, layout_big_grid,
          hangedman_lair_tendril_chambers, nicolae_slime_entry_slimehenge,
          portal_ice_cave_entry_pillars_2, dreamdust_wasp_nest, uniq_rupert

Skill      XL: |  1  2  3  4  5  6  7  8  9 10 11 12 13 14 15 |
---------------+----------------------------------------------+-----
Axes           | 3 4 5 6 7 9 10 12 15 16 17 18 | 18.0
Fighting       | 4 5 7 9 10 11 13 14 15 16 | 16.3
Shields        | 4 5 8 9 12 14 | 14.0
Armour         | 5 7 8 9 10 12 | 12.6
Invocations    | 1 5 9 10 | 10.0

Action                     |  1- 3 |  4- 6 |  7- 9 | 10-12 | 13-15 || total
---------------------------+-------+-------+-------+-------+-------++-------
  Melee: War axe           |    65 |   118 |   213 |   373 |   748 ||  1517
         Broad axe         |       |       |       |     9 |       ||     9
  Throw: Stone             |       |     2 |       |       |       ||     2
         Dart              |       |       |       |     7 |     1 ||     8
         Boomerang         |       |       |       |     3 |     8 ||    11
 Invoke: Convert to Beogh  |       |       |     1 |       |       ||     1
         Smiting           |       |       |       |       |    10 ||    10
  Evoke: Wand              |       |       |       |       |    12 ||    12
    Use: Potion            |       |       |     2 |     2 |    11 ||    15
         Scroll            |       |       |       |    10 |    12 ||    22
   Stab: Distracted        |       |       |       |     3 |     1 ||     4
 Armour: Scale mail        |    23 |    42 |    10 |       |       ||    75
         Chain mail        |       |       |   124 |    39 |       ||   163
         Plate armour      |       |       |       |    65 |   240 ||   305
  Dodge: Dodged            |    34 |    52 |    73 |    80 |   170 ||   409
  Block: Buckler           |    22 |    29 |    51 |    38 |       ||   140
         Kite shield       |       |       |       |    68 |   419 ||   487

Table legend: (Time is in decaauts)
 A = Elapsed time spent in this place.
 B = Non-inter-level travel time spent in this place.
 C = Inter-level travel time spent in this place.
 D = Time resting spent in this place.
 E = Time spent auto-exploring this place.
 F = Levels seen in this place.
 G = Mean time per level.
                   A        B        C        D        E       F      G
               +--------+--------+--------+--------+--------+-----+--------+
         Total |  19614 |  18537 |   1077 |   4125 |   7607 |  21 |  934.0 |
       Dungeon |  11427 |  10524 |    903 |   1677 |   5053 |  12 |  952.2 |
        Temple |    185 |    159 |     26 |      0 |    156 |   1 |  185.0 |
          Lair |   5458 |   5310 |    148 |   1008 |   2398 |   5 | 1091.6 |
         Trove |    140 |    140 |      0 |      0 |      0 |   1 |  140.0 |
        Bailey |   1138 |   1138 |      0 |    758 |      0 |   1 | 1138.0 |
      Ice Cave |   1263 |   1263 |      0 |    680 |      0 |   1 | 1263.0 |
               +--------+--------+--------+--------+--------+-----+--------+

Top non-repeatable levels by time:
     D:9: 1932 daAuts
  Lair:5: 1465 daAuts
     D:8: 1331 daAuts
  Lair:2: 1266 daAuts
   IceCv: 1263 daAuts
     D:6: 1173 daAuts
  Bailey: 1138 daAuts
  Lair:3: 1099 daAuts
    D:10: 1001 daAuts
    D:12: 969 daAuts
    D:11: 866 daAuts
  Lair:4: 825 daAuts
  Lair:1: 801 daAuts
     D:5: 767 daAuts
     D:2: 763 daAuts
